 Dungeon Crawl Stone Soup version 0.28.0-53-g5a82cb258f (console) character file.

Game seed: 4651152512997745145

3308 erker the Transmogrifier (level 10, -7/56 HPs)
             Began as an Octopode Earth Elementalist on July 4, 2022.
             Was an Initiate of Cheibriados.
             Mangled by a hornet (8 damage)
             ... on level 8 of the Dungeon.
             The game lasted 01:01:10 (8472 turns).

erker the Transmogrifier (OpEE)                     Turns: 8472, Time: 01:01:11

Health: -7/56      AC:  1    Str:  9    XL:     10   Next: 1%
Magic:  0/16       EV: 18    Int: 26    God:    Cheibriados [......]
Gold:   395        SH:  0    Dex: 14    Spells: 4/17 levels left

rFire   . . .      SeeInvis +   a - +2 rapier "Verr" {vorpal, rPois Int+4}
rCold   . . .      Faith    .   (no shield)
rNeg    . . .      Spirit   +   (helmet restricted)
rPois   +          Reflect  .   k - amulet of guardian spirit
rElec   .          Harm     .   g - +4 ring of evasion
rCorr   .          Rampage  .   j - ring of see invisible
Will    .....                   t - ring of poison resistance
Stlth   ++++......              (no ring)
HPRegen 0.18/turn               (no ring)
MPRegen 0.15/turn               (no ring)
                                (no ring)
                                (no ring)

@: very slightly contaminated, very slow
A: almost no armour, amphibious, 8 rings, camouflage 1, gelatinous body 1,
(nimble swimmer 1), tentacles
a: Renounce Religion


You were on level 8 of the Dungeon.
You worshipped Cheibriados.
Cheibriados was noncommittal.
You visited 2 branches of the dungeon, and saw 9 of its levels.
You also visited: Sewer.

You collected 395 gold pieces.

Inventory:

Hand Weapons
 a - the +2 rapier "Verr" (weapon) {vorpal, rPois Int+4}
   (You found it on level 4 of the Dungeon)

   It inflicts extra damage upon your enemies.
   Int:       It affects your intelligence (+4).
   rPois:     It protects you from poison.
 d - a +0 dagger
Missiles
 b - 238 stones
 c - 22 poisoned darts (quivered)
 e - 84 bolts
 i - 43 sling bullets
 p - 123 arrows
 w - 3 silver boomerangs
Magical Staves
 B - a staff of death
Jewellery
 g - a +4 ring of evasion (left tentacle)
 j - a ring of see invisible (right tentacle)
 k - an amulet of guardian spirit (around mantle)
 t - a ring of poison resistance (on tentacle)
Wands
 s - a wand of mindburst (3)
Scrolls
 f - a scroll of fear {unknown}
 h - 7 scrolls of teleportation {unknown}
 l - 5 scrolls of identify {unknown}
 m - a scroll of amnesia {unknown}
 n - 2 scrolls of enchant armour {unknown}
 q - 3 scrolls of immolation {unknown}
 r - 2 scrolls of magic mapping {unknown}
 y - a scroll of enchant weapon {unknown}
 C - 3 scrolls of acquirement {unknown}
 E - 2 scrolls of holy word {unknown}
 F - a scroll of silence {unknown}
 G - a scroll of torment {unknown}
Potions
 o - 3 potions of curing
 u - a potion of mutation {unknown}
 v - a potion of cancellation {unknown}
 x - 3 potions of flight
 A - a potion of haste {unknown}
 D - a potion of lignification {unknown}
 H - a potion of degeneration {unknown}


   Skills:
 - Level 4.0 Short Blades
 - Level 4.0 Dodging
 - Level 6.0 Stealth
 - Level 4.0 Spellcasting
 + Level 2.1 Summonings
 - Level 8.1 Transmutations
 + Level 2.1 Air Magic
 - Level 8.0 Earth Magic


You had 4 spell levels left.
You knew the following spells:

 Your Spells              Type           Power      Damage    Failure   Level
a - Sandblast             Erth           92%        2d19      1%          1
l - Summon Lightning Spi  Summ/Air       16%        N/A       34%         4
p - Petrify               Tmut/Erth      47%        N/A       3%          4
w - Passwall              Tmut/Erth      39%        N/A       1%          2
z - Ensorcelled Hibernat  Hex/Ice        10%        N/A       13%         2

Your spell library contained the following spells:

 Spells                   Type           Power      Damage    Failure   Level
 Spider Form              Tmut/Pois      26%        N/A       4%          3
 Stone Arrow              Conj/Erth      52%        3d10      4%          3
 Airstrike                Air            8%         N/A       34%         4
 Anguish                  Hex/Necr       2%         N/A       63%         4
 Fulminant Prism          Conj/Hex       2%         3d6       63%         4
 Iskenderun's Mystic Bla  Conj/Tloc      5%         2d3       63%         4
 Lee's Rapid Deconstruct  Erth           23%        3d14*     9%          5
 Lightning Bolt           Conj/Air       5%         1d17      83%         5


Dungeon Overview and Level Annotations

Branches:
Dungeon (8/15)             Temple (1/1) D:6            Lair (0/6) D:8
  Sewer (visited)

Altars:
Ashenzari
Cheibriados
Dithmenos
Elyvilon
Fedhas
Gozag
Hepliaklqana
Kikubaaqudgha
Makhleb
Nemelex Xobeh
Qazlal
Ru
Sif Muna
Trog
Uskayaw
Vehumet
Wu Jian
Xom
Yredelemnul
The Shining One

Shops:
D:7 (

Annotations:
D:5 exclusion: 2 yaks


Innate Abilities, Weirdness & Mutations

You cannot wear most types of armour.
You are amphibious.
You can wear up to eight rings at the same time.
Your skin changes colour to match your surroundings (Stealth+).
Your rubbery body absorbs attacks. (AC +1, EV +1)
((You are camouflaged when in or above water. (Stealth+)))
You have tentacles for arms and can constrict up to eight enemies at once.


Message History

Press: ? - help, Shift-Dir - straight line, f/p - hornet
Aim: a hornet (74% to hit)
The blast of sand misses the hornet.
b - 238 stones The hornet stings you!
You hit the hornet. Your grab misses the hornet.
The hornet is lightly wounded.
The hornet stings you. The hornet misses you.
You puncture the hornet! Your grab misses the hornet.
You squeeze the hornet, but do no damage.
The hornet is heavily wounded.
The hornet completely misses you.
You feel much better. The hornet barely misses you. The hornet stings you!!
You suddenly lose the ability to move!
You can move again.
You hit the hornet but do no damage. You grab the hornet.
The hornet is heavily wounded.
You constrict the hornet. The hornet misses you.
You puncture the hornet!
The hornet is severely wounded.
You constrict the hornet, but do no damage.
The hornet closely misses you. x2
You hit the hornet but do no damage. Your squeeze misses the hornet.
The hornet is severely wounded.
You constrict the hornet, but do no damage.
The hornet stings you but does no damage.
You barely miss the hornet.
The hornet is severely wounded.
You constrict the hornet. The hornet stings you! x2
* * * LOW HITPOINT WARNING * * *
You feel yourself slow down.
Aiming: Mindburst
Press: ? - help, Shift-Dir - straight line, f/p - hornet
Aim: a hornet (severely wounded, constricted by you, chance to affect: 55%)
The hornet resists with significant effort.
You feel yourself speed up.
You constrict the hornet. The hornet stings you!
* * * LOW HITPOINT WARNING * * *
The hornet stings you!
You die...

#.#.........#.#......
#.#..#####.##.#######
#..........##.#
###..########.# #..#
#.# #..# #.#####
#..###### #.....#
#..y....# #####.#
##@## #.# #.# #.# #.#
#.# #.# #.# #.# #.#
#.# #.### #.# #.#
#.... #.# #.# #####
#.# #.#
#.####.###########
#.................


You could see a hornet.

Vanquished Creatures
  Prince Ribbit (D:5)
  A shadow (D:6)
  2 steam dragons (D:7)
  A water moccasin (D:6)
  An acid dragon (D:6)
  2 orc warriors
  4 black bears
  2 sky beasts
  An ogre (D:5)
  A necrophage (D:6)
  3 phantoms
  2 kobold brigands (Sewer)
  Blork the orc (D:5)
  A scorpion (D:6)
  A water moccasin zombie (D:5)
  3 vampire bats (D:5)
  5 wights
  A centaur zombie (D:8)
  2 hounds
  A jelly (D:4)
  A bullfrog skeleton (D:7)
  An orc priest (D:4)
  3 iguanas
  7 orc wizards
  A hound skeleton (D:5)
  A howler monkey zombie (D:6)
  A howler monkey skeleton (D:7)
  3 gnolls (D:6)
  9 adders
  A shadow imp (D:6)
  A white imp (D:8)
  An adder skeleton (D:4)
  2 worms
  21 orcs
  4 ball pythons
  2 bat skeletons (D:5)
  3 bat zombies (D:5)
  4 endoplasms
  6 giant cockroaches
  8 goblins
  4 hobgoblins
  7 jackals
  10 kobolds
  5 quokkas
  3 bats
  5 frilled lizards
  13 rats
163 creatures vanquished.

Notes
Turn   | Place    | Note
-------+----------+-------------------------------------------
     0 | D:1      | erker the Octopode Earth Elementalist began the quest for
                  | the Orb.
     0 | D:1      | Reached XP level 1. HP: 11/11 MP: 3/3
   332 | D:1      | Reached XP level 2. HP: 9/17 MP: 0/5
   335 | D:1      | Learned a level 2 spell: Passwall
   726 | D:1      | Reached skill level 1 in Short Blades
  1094 | D:2      | Reached XP level 3. HP: 21/21 MP: 6/6
  1939 | D:3      | Found an ornate altar of the Wu Jian Council.
  2251 | D:3      | Reached XP level 4. HP: 27/27 MP: 7/7
  2842 | D:4      | Identified the +2 rapier "Verr" {vorpal, rPois Int+4}
  2887 | D:4      | Found a broken altar of Ashenzari.
  2889 | D:4      | Found a hazy altar of Hepliaklqana.
  2965 | D:4      | Noticed a phantom
  2971 | D:4      | Killed a phantom
  2972 | D:4      | Reached XP level 5. HP: 29/31 MP: 1/8
  3052 | D:4      | Found a radiant altar of Vehumet.
  3299 | D:4      | Reached XP level 6. HP: 36/36 MP: 9/9
  3340 | D:4      | Noticed a sky beast
  3353 | D:4      | Killed a sky beast
  3354 | D:4      | Reached skill level 5 in Earth Magic
  3928 | D:5      | Entered Level 5 of the Dungeon
  3928 | D:5      | Noticed a yak
  3971 | D:5      | Noticed Blork the orc
  3978 | D:5      | Noticed a black bear
  4122 | D:4      | Learned a level 4 spell: Petrify
  4135 | D:5      | Noticed a yak
  4135 | D:5      | Noticed a yak
  4145 | D:5      | Noticed a yak
  4179 | D:5      | Reached XP level 7. HP: 41/41 MP: 6/10
  4213 | D:5      | Reached skill level 5 in Transmutations
  4227 | D:5      | Noticed a yak
  4227 | D:5      | Noticed a yak
  4608 | D:5      | Noticed Prince Ribbit
  4619 | D:5      | Killed Prince Ribbit
  4761 | D:6      | Found a sparkling altar of Nemelex Xobeh.
  4834 | D:6      | Reached XP level 8. HP: 39/46 MP: 1/11
  4897 | D:6      | Found a staircase to the Ecumenical Temple.
  4972 | D:6      | Found a glowing drain.
  5034 | Sewer    | Entered a sewer
  5218 | Sewer    | Found a white marble altar of Elyvilon.
  5588 | Temple   | Entered the Ecumenical Temple
  5862 | D:5      | Killed Blork the orc
  6002 | D:5      | Found an ancient bone altar of Kikubaaqudgha.
  6026 | D:5      | Reached XP level 9. HP: 48/51 MP: 8/12
  6923 | D:7      | Found Leirhih's Weapon Shop.
  7518 | D:7      | Learned a level 4 spell: Summon Lightning Spire
  7701 | D:8      | Found a staircase to the Lair.
  7757 | D:8      | Found a snail-covered altar of Cheibriados.
  7764 | D:8      | Became a worshipper of Cheibriados the Contemplative
  7834 | D:8      | Reached skill level 1 in Summonings
  7834 | D:8      | Reached skill level 1 in Air Magic
  8138 | D:8      | Reached XP level 10. HP: 56/56 MP: 11/16
  8186 | D:8      | Learned a level 2 spell: Ensorcelled Hibernation
  8467 | D:8      | Paralysed by a hornet for 1 turns
  8472 | D:8      | HP: 1/56 [hornet (7)]
  8472 | D:8      | Mangled by a hornet

Illustrated notes

Levels and vault maps discovered:
D:1:      saegor_arrival_under_anarchy, layout_basic
D:2:      layout_basic
D:3:      layout_rooms, mainiacjoe_overflow_concentric_impassable,
          kennysheep_donut, minmay_misc_feat_alley, minivault_14,
          kennysheep_minor_cross
D:4:      layout_loops_corners, nicolae_vehumet_radiance,
          mainiacjoe_overflow_divided_tiny
D:5:      layout_basic, kennysheep_vampire_church, amcnicky_mini_pool_small,
          uniq_prince_ribbit1, uniq_blork_the_orc
D:6:      layout_loops_ring, lemuel_doored_altar, minmay_temple_entry_crystal_x,
          gup_sewer_entry_glass
D:7:      layout_basic, serial_shops, shop
D:8:      layout_loops_ring, slow_altar_1, lair_entry_dummy
Temple:   cyrus_circular_temple

Skill      XL: |  1  2  3  4  5  6  7  8  9 |
---------------+----------------------------+-----
Stealth        | 3 4 6 |  6.0
Short Blades   | 1 2 4 |  4.0
Transmutations | 2 3 4 5 6 8 |  8.1
Earth Magic    | 4 5 6 8 |  8.0
Spellcasting   | 4 |  4.0
Dodging        | 4 |  4.0
Summonings     | 2 |  2.1
Air Magic      | 2 |  2.1

Action                   |  1- 3 |  4- 6 |  7- 9 | 10-12 || total
-------------------------+-------+-------+-------+-------++-------
Melee: Unarmed           |     8 |       |       |       ||     8
       Tentacles         |    18 |    11 |    37 |     3 ||    69
       Constrict         |    19 |     6 |    35 |     2 ||    62
       Dagger            |    72 |     5 |     2 |       ||    79
       Rapier            |       |    36 |   147 |    10 ||   193
       Punch             |       |       |     2 |       ||     2
 Cast: Sandblast         |    12 |    14 |    44 |     2 ||    72
       Passwall          |     8 |     4 |    23 |       ||    35
       Petrify           |       |     1 |     7 |       ||     8
       Ensorcelled Hiber |       |       |       |     2 ||     2
Evoke: Wand              |       |       |     1 |     1 ||     2
  Use: Potion            |       |       |       |     2 ||     2
 Stab: Sleeping          |    18 |     6 |    20 |       ||    44
       Petrified         |       |     5 |    15 |       ||    20
Armor: Skin              |     6 |     3 |     5 |     1 ||    15
Dodge: Dodged            |    44 |    22 |   110 |    17 ||   193
